 Dungeon Crawl Stone Soup version 0.27-a0-1140-g099f9bb0e8 (webtiles) character file.

Game seed: 2178338409570817908

130 Vomitron the Slasher (level 4, -4/41 HPs)
             Began as a Minotaur Delver on May 10, 2021.
             Slain by a mummy (15 damage)
             ... in an ossuary.
             The game lasted 00:01:59 (480 turns).

Vomitron the Slasher (Minotaur Delver)               Turns: 480, Time: 00:01:59

Health: -4/41      AC:  6    Str: 18    XL:     4   Next: 90%
Magic:  3/3        EV: 11    Int:  7    God:
Gold:   0          SH:  0    Dex: 11    Spells: 3/3 levels left

rFire    . . .     SeeInvis .   a - +0 falchion
rCold    . . .     Faith    .   (no shield)
rNeg     . . .     Spirit   .   h - +0 ring mail
rPois    .         Reflect  .   (helmet restricted)
rElec    .         Harm     .   (no cloak)
rCorr    .         Rampage  .   (no gloves)
Will     .....                  i - +0 pair of boots
Stlth    ++........             (no amulet)
HPRegen  0.13/turn              (no ring)
MPRegen  0.08/turn              (no ring)

@: no status effects
A: horns 2, retaliatory headbutt
a: no special abilities


You were in an ossuary.
You visited 1 branch of the dungeon, and saw 2 of its levels.
You also visited: Ossuary.

Inventory:

Hand Weapons
 a - a +0 falchion (weapon)
Armour
 b - a +0 leather armour
 h - a +0 ring mail (worn)
 i - a +0 pair of boots (worn)
Wands
 g - a wand of digging (3)
Scrolls
 c - a scroll of fog
 d - a scroll of magic mapping
 e - a scroll of fear
Potions
 f - a potion of haste
 j - a potion of curing {unknown}


   Skills:
 + Level 4.6 Fighting
 * Level 4.7 Long Blades
 + Level 2.5 Armour
 - Level 2.1 Dodging
 - Level 4.1 Stealth


You had 3 spell levels left.
You didn't know any spells.
Your spell library was empty.

Dungeon Overview and Level Annotations

Branches:
Dungeon (5/15)            Ossuary (1/1)
 Temple: D:4-7

Altars:


Innate Abilities, Weirdness & Mutations

You have a pair of horns on your head.
You reflexively headbutt those who attack you in melee.


Message History

You hit the mummy.
The mummy is almost destroyed.
You closely miss the mummy.
The mummy is almost destroyed.
The mummy closely misses you. You furiously retaliate!
You headbutt the mummy!
You destroy the mummy!
You hit the mummy.
The mummy is moderately damaged.
You hit the mummy.
The mummy is moderately damaged.
The mummy hits you.
You barely miss the mummy.
The mummy is moderately damaged.
You hit the mummy but do no damage.
The mummy is moderately damaged.
The mummy hits you!
You hit the mummy. You headbutt the mummy!
The mummy is severely damaged.
You hit the mummy.
The mummy is heavily damaged.
You hit the mummy but do no damage.
You headbutt the mummy, but do no damage.
The mummy is severely damaged.
The mummy hits you! The mummy barely misses you. You furiously retaliate!
You headbutt the mummy!
There is an open door here.
You closely miss the mummy. You headbutt the mummy.
You destroy the mummy!
You hit the mummy.
The mummy is almost destroyed.
The mummy hits you.
* * * LOW HITPOINT WARNING * * *
You barely miss the mummy.
The mummy is almost destroyed.
The mummy hits you but does no damage.
Unknown command.
You hit the mummy.
You destroy the mummy!
The mummy hits you!
You die...

############'### #..#
#....#....#....# #..+
#....#....#....#
#..###....#....#....#
#..#.#....#....#.MM.#
#..#.#'#######'##'###
#..#...#...#...#...#
#..###'###M###'###'###+###
#........@................
#∩........................
##########################


You could see a mummy.

Vanquished Creatures
  A centaur zombie (Ossuary)
  An orc priest (D:5)
  4 mummies (Ossuary)
  2 adders (D:4)
  An adder skeleton (D:4)
  2 endoplasms (D:4)
  A quokka (D:4)
  A goblin zombie (Ossuary)
  A kobold zombie (Ossuary)
14 creatures vanquished.

Notes
Turn   | Place    | Note
-------+----------+-------------------------------------------
     0 | D:5      | Vomitron the Minotaur Delver began the quest for the Orb.
     0 | D:5      | Reached XP level 1. HP: 19/19 MP: 0/0
    35 | D:5      | Noticed an orc priest
    44 | D:5      | Killed an orc priest
    45 | D:5      | Reached skill level 1 in Armour
    45 | D:5      | Reached XP level 2. HP: 11/27 MP: 1/1
    45 | D:5      | Reached XP level 3. HP: 13/33 MP: 2/2
   271 | D:4      | Noticed a scorpion
   343 | D:4      | Found a sand-covered staircase.
   354 | Ossuary  | Entered an ossuary
   380 | Ossuary  | Reached XP level 4. HP: 39/41 MP: 3/3
   480 | Ossuary  | Slain by a mummy

Illustrated notes

Levels and vault maps discovered:
D:4:      corexii_shantytown, layout_loops_corners,
          lightli_ossuary_entry_decrepit_ruins, uniq_grinder
D:5:      layout_loops_ring, temple_doors_e, serial_shops,
          nicolae_shop_statue_plus, minmay_manual_mares, uniq_prince_ribbit1,
          uniq_edmund
Ossuary:  ossuary_boxes_badplayer

Skill      XL: |  1  2  3 |
---------------+----------+-----
Fighting       | 4 |  4.6
Long Blades    | 3 4 |  4.7
Armour         | 1 2 |  2.5
Dodging        | |  2.1
Stealth        | |  4.1

Action                   |  1- 3 |  4- 6 || total
-------------------------+-------+-------++-------
Melee: Falchion          |    27 |    27 ||    54
       Headbutt          |     7 |     7 ||    14
 Stab: Sleeping          |     1 |       ||     1
Armor: Ring mail         |    15 |     1 ||    16
Dodge: Dodged            |    21 |     6 ||    27
       Rpst.: Falchion   |     6 |     1 ||     7

Table legend: (Time is in decaauts)
 A = Elapsed time spent in this place.
 B = Non-inter-level travel time spent in this place.
 C = Inter-level travel time spent in this place.
 D = Time resting spent in this place.
 E = Time spent auto-exploring this place.
 F = Levels seen in this place.
 G = Mean time per level.
                   A        B        C        D        E       F      G
               +--------+--------+--------+--------+--------+-----+--------+
         Total |    484 |    484 |      0 |    133 |     50 |   3 |  161.3 |
       Dungeon |    356 |    356 |      0 |    120 |     18 |   2 |  178.0 |
       Ossuary |    128 |    128 |      0 |     13 |     32 |   1 |  128.0 |
               +--------+--------+--------+--------+--------+-----+--------+

Top non-repeatable levels by time:
     D:4: 278 daAuts
 Ossuary: 128 daAuts
     D:5: 78 daAuts
